 Dungeon Crawl Stone Soup version 0.29.1-13-g9f3cf754e1 (webtiles) character file.

Game seed: 6388199147401302627

58 Thatpatchoflichen the Shooter (level 3, -4/21 HPs)
             Began as a Deep Elf Hunter on Jan 30, 2023.
             Slain by Sigmund
             ... wielding a +0 scythe
              (8 damage)
             ... on level 2 of the Dungeon.
             The game lasted 00:03:48 (994 turns).

Thatpatchoflichen the Shooter (Deep Elf Hunter)      Turns: 994, Time: 00:03:49

Health: -4/21      AC:  3    Str:  8    XL:     3   Next: 75%
Magic:  5/5        EV: 13    Int: 13    God:
Gold:   89         SH:  0    Dex: 20    Spells: 2/2 levels left

rFire   . . .      SeeInvis .   a - +0 shortbow
rCold   . . .      Faith    .   (shield currently unavailable)
rNeg    . . .      Spirit   .   c - +0 leather armour
rPois   .          Reflect  .   (no helmet)
rElec   .          Harm     .   (no cloak)
rCorr   .          Rampage  .   (no gloves)
Will    .....                   (no boots)
Stlth   +.........              (no amulet)
HPRegen 0.07/turn               (no ring)
MPRegen 0.09/turn               (no ring)

@: confused
A: no striking features
a: no special abilities


You were on level 2 of the Dungeon.
You visited 1 branch of the dungeon, and saw 3 of its levels.

You collected 89 gold pieces.

Inventory:

Hand Weapons
 a - a +0 shortbow (weapon)
Armour
 c - a +0 leather armour (worn)
Scrolls
 b - a scroll of immolation
 f - 2 scrolls of identify {unknown}
Potions
 d - a potion of brilliance {unknown}
 e - a potion of curing {unknown}
 g - a potion of invisibility {unknown}


   Skills:
 - Level 2.0 Fighting
 + Level 5.9 Ranged Weapons
 + Level 3.3 Dodging
 + Level 2.7 Stealth


You had 2 spell levels left.
You didn't know any spells.
Your spell library contained the following spells:

 Spells                   Type           Power      Damage    Failure   Level
 Apportation              Tloc           0%         N/A       41%         1
 Necrotise                Necr           0%         1d4       41%         1
 Summon Small Mammal      Summ           0%         N/A       41%         1


Dungeon Overview and Level Annotations

Branches:
Dungeon (3/15)

Altars:

Shops:
D:1 :

Annotations:
D:2 Sigmund


Message History

Press: ? - help, Q - select action Shift-Dir - straight line You shoot an arrow.
Unknown command.
Unknown command.
Fire: a) +0 shortbow
Press: ? - help, Q - select action Shift-Dir - straight line, f - quokka
Aim: a quokka (56% to hit)
You shoot an arrow. The arrow hits the quokka!
You kill the quokka!
Unknown command.
Fire: a) +0 shortbow
Press: ? - help, Q - select action Shift-Dir - straight line, f - you Really target yourself?
Okay, then.
You are confused.
Non-targeted confused fire: a) +0 shortbow
Press: ? - help, Q - select action Dir - look around, f - activate
Okay, then.
You are more confused.
You bump into the rock wall.
You are more confused.
A magic dart appears from out of thin air!
The magic dart hits you.
Non-targeted confused fire: a) +0 shortbow
Press: ? - help, Q - select action Dir - look around, f - activate You shoot an arrow.
Something hits you!
Unknown command.
Non-targeted confused fire: a) +0 shortbow
Press: ? - help, Q - select action Dir - look around, f - activate You shoot an arrow.
Something hits you!
* * * LOW HITPOINT WARNING * * *
Non-targeted confused fire: a) +0 shortbow
Press: ? - help, Q - select action Dir - look around, f - activate You shoot an arrow.
You hear some strange, mumbled words.
Something tries to affect you, but you resist.
Something hits you!
You die...

###..... #### #.....
.#.... #..... ......
#..... <.....#### #....†
.........# #.###.
.........##+## #.##..
#####....{...# #.#...
#......@.###### #.#...
#........##...# #.#.#<
#######'###...#####.#.##
#.###.........#...
#...'.........####
#####........##
#.[.###### #####


There were no monsters in sight!

Vanquished Creatures
  An adder (D:2)
  A worm (D:2)
  3 dart slugs
  2 endoplasms (D:1)
  2 goblins
  5 hobgoblins
  6 jackals
  A quokka (D:2)
  4 ball pythons
  5 bats (D:1)
  2 frilled lizards (D:1)
  4 kobolds
  3 rats (D:1)
39 creatures vanquished.

Notes
Turn   | Place    | Note
-------+----------+-------------------------------------------
     0 | D:1      | Thatpatchoflichen the Deep Elf Hunter began the quest for
                  | the Orb.
     0 | D:1      | Reached XP level 1. HP: 12/12 MP: 3/3
    11 | D:1      | Found a faded altar of an unknown god.
   107 | D:1      | Reached XP level 2. HP: 14/17 MP: 4/4
   358 | D:1      | Found Pinloped's Book Emporium.
   529 | D:1      | Reached XP level 3. HP: 21/21 MP: 5/5
   975 | D:2      | Noticed Sigmund
   994 | D:2      | Slain by Sigmund

Illustrated notes

Levels and vault maps discovered:
D:1:      dpeg_arrival_renting, layout_loops_ring, basic_ecumenical_altar,
          serial_shops, shop_statue, grunt_decor_cap
D:2:      layout_basic, kennysheep_doodads, hangedman_decor_peaks_small,
          uniq_sigmund
D:3:      layout_loops_ring, serial_shops, nicolae_shop_statue_plus

Skill      XL: |  1  2 |
---------------+-------+-----
Stealth        | 2 |  2.7
Dodging        | 3 |  3.3
Fighting       | 2 |  2.0
Ranged Weapons | |  5.9

Action                   || total
-------------------------++-------
 Fire: Shortbow          ||    94
Armor: Leather armour    ||     9
Dodge: Dodged            ||    23
